 Dungeon Crawl Stone Soup version 0.24.0-13-gcf9b319 (webtiles) character file.

Game seed: 3594329868988849669, levelgen mode: deterministic

296753 Fang the Tortoise (level 20, 0/139 HPs)
             Began as a Gargoyle Fighter on Dec 20, 2019.
             Was the Champion of Trog.
             Slain by an orc knight
             ... wielding a +0 glaive
              (10 damage)
             ... on level 3 of the Vaults.
             The game lasted 00:45:16 (30551 turns).

Fang the Tortoise (Gargoyle Fighter)               Turns: 30551, Time: 00:45:17

Health: 0/139      AC: 46    Str: 36    XL:     20   Next: 91%
Magic:  11/11      EV: 11    Int: 16    God:    Trog [******]
Gold:   1633       SH: 29    Dex: 12    Spells: 19/19 levels left

rFire    + . .     SeeInvis +   D - +6 war axe (flame)
rCold    + . .     Gourm    .   B - +4 large shield {reflect}
rNeg     + . .     Faith    .   t - +9 scales of the Dragon King {rPois rF+ rC+ MR+}
rPois    ∞         Spirit   .   F - +0 helmet of Classification {Regen+ MP-9 Str+5 Dex+3} (curse)
rElec    +         Reflect  +   (no cloak)
rCorr    .         Harm     .   O - -4 pair of gloves "Odghouc" {rElec Int+5}
MR       +++++                  (no boots)
Stlth    ..........             k - amulet of regeneration
HPRegen  2.13/turn              I - ring "Xaluf" {MR+ Str+4 SInv Stlth+}
MPRegen  0.12/turn              L - +4 ring of evasion

@: berserk cooldown, flying, regenerating
A: big wings, negative energy resistance 1, electricity resistance, unbreathing,
petrification resistance, rot immunity, AC +15
}: 2/15 runes: decaying, gossamer
a: Stop Flying, Berserk, Trog's Hand, Brothers in Arms, Renounce Religion


You were on level 3 of the Vaults.
You worshipped Trog.
Trog was exalted by your worship.
You were not hungry.

You visited 7 branches of the dungeon, and saw 35 of its levels.
You also visited: Gauntlet.

You collected 2805 gold pieces.
You spent 1172 gold pieces at shops.

Inventory:

Hand Weapons
 a - a +7 broad axe of freezing
 e - a +5 antimagic broad axe
 n - a +1 broad axe of draining
 D - a +6 war axe of flaming (weapon)
 N - a +1 broad axe of freezing
 R - a +2 broad axe of electrocution
Armour
 b - a +3 plate armour of fire resistance
 t - the +9 scales of the Dragon King (worn) {rPois rF+ rC+ MR+}
   (You found it on level 6 of the Lair of Beasts)

   It protects you from fire.
   It protects you from cold.
   It protects you from poison.
   It affects your resistance to hostile enchantments.
 z - a +2 hat of intelligence
 B - a +4 large shield of reflection (worn)
 F - the cursed +0 helmet of Classification (worn) {Regen+ MP-9 Str+5 Dex+3}
   (You bought it in a shop on level 13 of the Dungeon)

   It affects your strength (+5).
   It affects your dexterity (+3).
   It affects your magic capacity (-9).
   It increases your rate of regeneration.
   It has a curse placed upon it.
 O - the -4 pair of gloves "Odghouc" (worn) {rElec Int+5}
   (You bought it in a shop on level 1 of the Orcish Mines)

   It affects your intelligence (+5).
   It insulates you from electricity.
Jewellery
 k - an amulet of regeneration (around neck)
 q - an uncursed ring of resist corrosion
 C - a +2 ring of protection
 H - an uncursed amulet of the gourmand
 I - the ring "Xaluf" (left hand) {MR+ Str+4 SInv Stlth+}
   (You found it in a Gauntlet)

   [ring of stealth]

   It affects your strength (+4).
   It affects your resistance to hostile enchantments.
   It lets you see invisible.
   It makes you more stealthy.
 L - a +4 ring of evasion (right hand)
Wands
 p - a wand of flame (59)
 s - a wand of acid (35)
 u - a wand of paralysis (20)
 y - a wand of polymorph (20)
 A - a wand of disintegration (71)
 G - a wand of random effects (35)
 K - a wand of scattershot (6)
 S - a wand of digging (5)
Scrolls
 f - 4 scrolls of fear
 g - 5 scrolls of fog
 l - 5 scrolls of magic mapping
 r - 11 scrolls of remove curse
 v - 11 scrolls of teleportation
 E - 3 scrolls of summoning
 J - 8 scrolls of identify
 P - a scroll of blinking
Potions
 d - 7 potions of might
 i - 4 potions of cancellation
 j - 6 potions of ambrosia
 m - 4 potions of heal wounds
 o - 5 potions of haste
 w - 4 potions of berserk rage
 x - 14 potions of curing
 M - 2 potions of mutation
 Q - a potion of resistance
Comestibles
 c - 55 rations
 h - 37 chunks of flesh


   Skills:
 + Level 19.4 Fighting
 + Level 16.7 Axes
 + Level 19.5 Armour
 + Level 19.4 Shields


You had 19 spell levels left.
You didn't know any spells.
Your spell library was empty.

Dungeon Overview and Level Annotations

Branches:
Dungeon (15/15)            Temple (1/1) D:4            Lair (6/6) D:9
  Swamp (4/4) Lair:4       Spider (4/4) Lair:4        Slime (0/5) Lair:5
    Orc (2/2) D:10            Elf (0/3) Orc:2        Vaults (3/5) D:13
  Crypt (0/3) Vaults:2     Depths (0/5) D:15        Gauntlet (visited)

Altars:
Fedhas
Gozag
Kikubaaqudgha
Makhleb
Nemelex Xobeh
Okawaru
Ru
Sif Muna
Trog
Uskayaw
Xom
Yredelemnul
Zin

Shops:
D:13 *   Orc:1 *   Orc:2 *!?*

Annotations:
Lair:1 exclusion: oklob plant
Lair:5 exclusion: oklob plant
Swamp:2 3 runed translucent doors, Foxy's ghost, adept GrFi; Xiscapia's ghost, adept HOFi
Vaults:2 3 runed translucent doors, Muvus's ghost, adept DsFi; Synox's ghost, legendary FoFi


Innate Abilities, Weirdness & Mutations

You are resistant to torment.
Your stone body is resilient. (AC +15)
You are immune to poison.
Your large and strong wings let you fly indefinitely.
You resist negative energy. (rN+)
You are resistant to electric shocks. (rElec)
You can survive without breathing.
You are immune to petrification.
You are immune to rotting.


Message History

The yaktaur wields a +0 arbalest.
The yaktaur shoots a bolt.
The bolt hits you!
* * * LOW HITPOINT WARNING * * *
You slice the orc high priest!! You burn the orc high priest.
You kill the orc high priest!
Trog accepts your kill.
You slash the orc warrior! You burn the orc warrior.
You kill the orc warrior!
Trog accepts your kill. You block the orc knight's attack.
Eat one of 38 chunks of flesh? (ye/n/q)
You eat one of the 38 chunks of flesh.
This raw flesh tastes terrible.
The orc warrior throws a boomerang.
You reflect the boomerang off your +4 large shield of reflection!
The boomerang hits the orc warrior!
The weapon returns to the orc warrior!
The orc priest invokes the aid of Beogh against you.
Beogh smites you!
* * * LOW HITPOINT WARNING * * *
The orc priest begins to cast a cantrip, but forgets the words!
The orc knight hits you from afar with a +0 glaive!
You die...

##### ......
...oo.#######+#
...oco#)......#
...oooc@......#
...o.o#)).....#
#######)).....#
########)).....#
#####
#.....)#.))....#
....#
#......+..)....#
....#
#......#...(...#
'#####
#..<...#######+#
.....####(.....#


You could see an orc knight, 2 yaktaurs, 4 orc warriors and 4 orc priests.

Vanquished Creatures
  Sojobo (Vaults:1)
  Frederick (Vaults:2)
  Saint Roka (Vaults:1)
  Jorgrun (Swamp:2)
  Agnes (Vaults:1)
  Gastronok (Lair:2)
  3 thorn hunters
  Donald (Spider:4)
  8 emperor scorpions
  Louise (Spider:4)
  10 vault wardens
  An orc warlord (Vaults:3)
  2 ghost moths
  Aizul (Vaults:1)
  A spriggan defender (Vaults:1)
  A reaper (Gauntlet)
  7 ironheart preservers
  6 entropy weavers
  3 stone giants
  A minotaur (Gauntlet)
  A vampire knight (Vaults:1)
  2 ettins
  A deep elf death mage (Vaults:1)
  4 ogre magi
  A fire dragon (Vaults:1)
  6 yaktaur captains
  2 rakshasas
  5 ice dragons
  11 vault guards
  Josephine (Lair:6)
  15 hydras
  2 ghost crabs (Swamp:4)
  4 shambling mangroves
  Erolcha (D:12)
  3 centaur warriors
  2 death knights (Vaults:1)
  A merfolk avatar (Lair:6)
  2 catoblepae
  19 alligators
  18 two-headed ogres
  A deep troll earth mage (Vaults:2)
  2 orc high priests (Vaults:3)
  A tengu warrior (D:15)
  A queen ant (Spider:3)
  Urug (Lair:3)
  4 deep elf knights
  7 skeletal warriors
  A sixfirhy (Gauntlet)
  A shadow wraith (Vaults:2)
  5 deep trolls (Vaults:2)
  A spriggan druid (Swamp:4)
  An unseen horror (shapeshifter) (Vaults:1)
  13 swamp dragons
  A flayed ghost (Vaults:1)
  A deep elf archer (D:13)
  12 ironbrand convokers
  4 wizards
  A lindwurm (Lair:4)
  Pikel (D:6)
  23 orb spiders
  3 orc sorcerers
  9 deep elf magi
  7 harpies
  9 orc knights
  32 wolf spiders
  13 ugly things
  8 cyclopes
  5 manticores
  2 moths of wrath
  4 black mambas
  10 elephants
  6 vault sentinels
  A torpor snail (Spider:2)
  A gargoyle (D:12)
  19 yaktaurs
  2 freezing wraiths
  5 rime drakes
  10 komodo dragons
  17 spiny frogs
  8 demonic crawlers
  2 kobold demonologists
  2 jumping spiders (shapeshifter) (Vaults:1)
  26 jumping spiders
  13 trolls
  4 polar bears (Lair:6)
  16 tyrant leeches
  15 blink frogs
  2 wind drakes (Lair:6)
  26 hornets
  28 slime creatures
  A hornet (shapeshifter) (D:14)
  A dream sheep (shapeshifter) (Vaults:2)
  A hippogriff (shapeshifter) (Vaults:3)
  10 bog bodies
  96 redbacks
  8 hippogriffs
  7 wraiths
  5 spriggans
  5 shadows
  2 centaur simulacra (Gauntlet)
  Sigmund (D:6)
  A human (shapeshifter) (Vaults:3)
  40 yaks
  A yak (shapeshifter) (Vaults:2)
  A vampire (D:14)
  48 tarantellas
  A basilisk (shapeshifter) (D:13)
  4 basilisks
  A human simulacrum (Vaults:2)
  A hungry ghost (D:11)
  33 vampire mosquitoes
  Menkaure (D:6)
  5 wargs
  3 insubstantial wisps (Swamp:4)
  10 swamp worms
  26 soldier ants
  6 water moccasins
  Duvessa (D:5)
  3 acid dragons
  9 porcupines
  6 ice beasts
  4 slaves (D:6)
  52 orc warriors
  24 swamp drakes
  An ettin simulacrum (Vaults:2)
  A sky beast (shapeshifter) (D:15)
  4 sky beasts
  2 eyes of draining (D:14)
  3 black bears
  22 wolves
  18 ogres
  3 necrophages
  2 phantoms (D:13)
  11 centaurs
  15 crocodiles
  5 big kobolds
  Blork the orc (D:6)
  2 gnoll sergeants
  18 bullfrogs
  An ogre simulacrum (Vaults:1)
  A wyvern skeleton (D:13)
  Dowan (D:5)
  A hornet simulacrum (Gauntlet)
  4 scorpions
  5 killer bees (D:10)
  12 wights
  4 howler monkeys
  3 electric eels
  6 centaur zombies
  11 crimson imps
  3 bullfrog zombies
  5 bullfrog skeletons
  5 centaur skeletons
  6 jellies
  Crazy Yiuf (D:4)
  10 hounds
  26 orc priests
  24 orc wizards
  4 iguanas
  Ijyb (D:5)
  Natasha (thrice) (D:4)
  35 worker ants
  7 hell rats (Lair:5)
  A hound zombie (D:10)
  Robin (D:2)
  16 adders
  17 gnolls
  5 river rats (Lair:5)
  5 shadow imps
  2 ufetubi (Gauntlet)
  An ooze (D:4)
  An adder zombie (D:8)
  2 adder skeletons
  4 worms
  A dart slug (D:2)
  3 leopard geckos
  100 orcs
  8 bats
  4 giant cockroaches
  10 hobgoblins
  11 jackals
  22 kobolds
  8 quokkas
  5 frilled lizards
  12 goblins
  A leopard gecko skeleton (D:6)
  A quokka zombie (D:5)
  7 rats
  9 fungi
  2 plants
1504 creatures vanquished.

Vanquished Creatures (collateral kills)
  A vault warden (Vaults:2)
  An emperor scorpion (Spider:4)
  4 hydras
  A death knight (D:13)
  A phantasmal warrior (D:13)
  2 orb spiders (Spider:4)
  A freezing wraith (D:13)
  2 blink frogs (Lair:2)
13 creatures vanquished.

Vanquished Creatures (others)
  Asterion (Spider:2)
  A spriggan defender (Vaults:1)
  A yaktaur captain (Vaults:1)
  A centaur warrior (Vaults:1)
  A deep elf archer (Vaults:1)
  13 yaktaurs
  A jumping spider (Spider:4)
  A tarantella (Spider:4)
  A swamp worm (Swamp:4)
  A black bear (D:4)
  An ogre (D:4)
  An adder (D:4)
  2 orcs (D:10)
  A quokka (D:4)
  A frilled lizard (D:4)
  12 fungi
  3 plants (Lair:6)
  8 withered plants
51 creatures vanquished.

Grand Total: 1568 creatures vanquished

Notes
Turn   | Place    | Note
-------+----------+-------------------------------------------
     0 | D:1      | Fang the Gargoyle Fighter began the quest for the Orb.
     0 | D:1      | Reached XP level 1. HP: 14/14 MP: 1/1
   185 | D:1      | Reached XP level 2. HP: 17/19 MP: 2/2
   486 | D:2      | Reached XP level 3. HP: 23/23 MP: 3/3
   495 | D:2      | Found a bloodstained altar of Trog.
   534 | D:2      | Became a worshipper of Trog the Wrathful
   670 | D:2      | Reached XP level 4. HP: 26/29 MP: 4/4
   699 | D:2      | Found an opulent altar of Gozag.
   889 | D:2      | Noticed Robin
   896 | D:2      | Reached * piety under Trog
   906 | D:2      | Killed Robin
  1419 | D:3      | Reached XP level 5. HP: 29/33 MP: 5/5
  1702 | D:3      | HP: 1/51 [orc priest/+0 club (4)]
  1703 | D:3      | Reached ** piety under Trog
  1968 | D:4      | Found a shimmering altar of Xom.
  1968 | D:4      | Noticed an ogre
  1968 | D:4      | Noticed a black bear
  1972 | D:4      | Killed an ogre
  1993 | D:4      | Killed a black bear
  2039 | D:4      | Reached XP level 6. HP: 36/39 MP: 6/6
  2083 | D:4      | Found an iron altar of Okawaru.
  2243 | D:4      | Found a staircase to the Ecumenical Temple.
  2273 | D:4      | Reached skill level 5 in Shields
  2277 | Temple   | Entered the Ecumenical Temple
  2307 | D:4      | Noticed an ice beast
  2321 | D:4      | Killed an ice beast
  2321 | D:4      | Reached skill level 5 in Fighting
  2321 | D:4      | Reached skill level 5 in Armour
  2321 | D:4      | Reached XP level 7. HP: 35/44 MP: 7/7
  2323 | D:4      | Noticed Natasha
  2332 | D:4      | Killed Natasha
  2501 | D:4      | Noticed Natasha
  2512 | D:4      | Killed Natasha
  2514 | D:4      | Found a hide-covered altar of Uskayaw.
  2812 | D:4      | Noticed Natasha
  2831 | D:4      | Killed Natasha
  2945 | D:4      | Found a runed translucent door.
  2946 | D:4      | Noticed Crazy Yiuf
  3257 | D:4      | Killed Crazy Yiuf
  3317 | D:5      | Entered Level 5 of the Dungeon
  3394 | D:5      | Reached XP level 8. HP: 49/51 MP: 8/8
  3489 | D:5      | Noticed Duvessa
  3499 | D:5      | Noticed Dowan
  3515 | D:5      | Killed Dowan
  3521 | D:5      | Killed Duvessa
  3521 | D:5      | Reached *** piety under Trog
  3636 | D:5      | Found the +10 Black Knight's horse barding {ponderous,
                  | rPois rN+}
  3647 | D:5      | Noticed Ijyb
  3652 | D:5      | Killed Ijyb
  3656 | D:5      | Reached skill level 5 in Axes
  3903 | D:6      | Noticed Blork the orc
  3917 | D:6      | Killed Blork the orc
  3954 | D:6      | Reached XP level 9. HP: 57/57 MP: 9/9
  4034 | D:6      | Found a burning altar of Makhleb.
  4047 | D:6      | Found a glowing silver altar of Zin.
  4047 | D:6      | Noticed a cacodemon
  4047 | D:6      | Noticed an angel
  4100 | D:6      | Noticed Pikel
  4129 | D:6      | Killed Pikel
  4243 | D:6      | Noticed Sigmund
  4276 | D:6      | Killed Sigmund
  4614 | D:6      | Noticed Menkaure
  4622 | D:6      | Killed Menkaure
  4826 | D:7      | Found a sacrificial altar of Ru.
  4826 | D:7      | Found a shimmering blue altar of Sif Muna.
  4925 | D:7      | Reached XP level 10. HP: 64/64 MP: 10/10
  4926 | D:7      | Reached **** piety under Trog
  5337 | D:8      | Noticed a two-headed ogre
  5349 | D:8      | Killed a two-headed ogre
  6105 | D:8      | Reached ***** piety under Trog
  6429 | D:9      | Reached XP level 11. HP: 45/71 MP: 11/11
  6529 | D:9      | Found a staircase to the Lair.
  6542 | D:9      | Noticed a two-headed ogre
  6554 | D:9      | Killed a two-headed ogre
  6556 | D:9      | Reached skill level 10 in Shields
  6610 | D:9      | Found a blossoming altar of Fedhas.
  6612 | D:9      | Found an ancient bone altar of Kikubaaqudgha.
  6650 | D:9      | Reached skill level 10 in Fighting
  6656 | D:9      | Reached skill level 10 in Armour
  6947 | D:10     | Entered Level 10 of the Dungeon
  7093 | D:10     | Received a gift from Trog
  7219 | D:10     | Found a staircase to the Orcish Mines.
  7611 | D:10     | Found a basalt altar of Yredelemnul.
  7734 | D:11     | Noticed a cyclops
  7746 | D:11     | Killed a cyclops
  7767 | D:11     | Noticed a two-headed ogre
  7778 | D:11     | Killed a two-headed ogre
  7890 | D:11     | Noticed a cyclops
  7907 | D:11     | Killed a cyclops
  8037 | D:11     | Paralysed by fainting for 9 turns
  8517 | D:11     | Reached XP level 12. HP: 63/79 MP: 12/12
  8842 | Lair:1   | Entered Level 1 of the Lair of Beasts
  9141 | Lair:1   | Received a gift from Trog
  9434 | Lair:1   | Found a blossoming altar of Fedhas.
  9642 | Lair:2   | Noticed a seven-headed hydra
  9649 | Lair:2   | Killed a ten-headed hydra
  9663 | Lair:2   | Noticed a seven-headed hydra
  9690 | Lair:2   | Killed a nine-headed hydra
  9755 | Lair:2   | Noticed Gastronok
  9784 | Lair:2   | Killed Gastronok
 10447 | Lair:3   | Noticed Urug
 10469 | Lair:3   | Killed Urug
 10516 | Lair:3   | Reached skill level 10 in Axes
 10546 | Lair:3   | Reached XP level 13. HP: 72/86 MP: 13/13
 11437 | Lair:4   | Found a hole to the Spider Nest.
 11589 | Lair:4   | Found a staircase to the Swamp.
 12337 | Lair:5   | Received a gift from Trog
 13000 | Lair:5   | Found a staircase to the Slime Pits.
 13027 | Lair:6   | Entered Level 6 of the Lair of Beasts
 13160 | Lair:6   | Received a gift from Trog
 13160 | Lair:6   | Gained mutation: Your large and strong wings let you fly
                  | indefinitely. [Gargoyle growth]
 13160 | Lair:6   | Reached XP level 14. HP: 85/94 MP: 14/14
 13580 | Lair:6   | Noticed Josephine
 13594 | Lair:6   | Killed Josephine
 13777 | Lair:6   | Found the +9 scales of the Dragon King {rPois rF+ rC+ MR+}
 14335 | D:12     | Found a gate leading to a gauntlet.
 14343 | Gauntlet | Entered a Gauntlet
 14343 | Gauntlet | Found a transporter.
 14343 | Gauntlet | Found a transporter.
 14362 | Gauntlet | Found a transporter.
 14363 | Gauntlet | Found a transporter.
 14371 | Gauntlet | Found a transporter.
 14375 | Gauntlet | Found a transporter.
 14384 | Gauntlet | Found a transporter.
 14397 | Gauntlet | Noticed a reaper
 14400 | Gauntlet | Found a transporter.
 14415 | Gauntlet | Found a transporter.
 14419 | Gauntlet | Found a transporter.
 14427 | Gauntlet | Found a transporter.
 14431 | Gauntlet | Found a transporter.
 14585 | Gauntlet | Killed a reaper
 14634 | Gauntlet | Got a clouded pewter ring
 14714 | Gauntlet | Identified the Papyrus of Weightlessness
 14719 | Gauntlet | Identified the ring "Xaluf" {MR+ Str+4 SInv Stlth+} (You
                  | found it in a Gauntlet)
 14855 | D:12     | Received a gift from Trog
 14972 | D:12     | Noticed Erolcha
 14977 | D:12     | Killed Erolcha
 15066 | D:12     | Received a gift from Trog
 15363 | D:13     | Reached ****** piety under Trog
 15363 | D:13     | Received a gift from Trog
 15923 | D:13     | Reached XP level 15. HP: 100/100 MP: 5/15
 15953 | D:13     | Found Liotz's Assorted Antiques.
 15967 | D:13     | Bought an ancient helmet for 342 gold pieces
 15977 | D:13     | Identified the cursed +0 helmet of Classification {Regen+
                  | MP-9 Str+5 Dex+3} (You bought it in a shop on level 13 of
                  | the Dungeon)
 16238 | D:13     | Found a gate to the Vaults.
 16379 | D:14     | Received a gift from Trog
 16837 | D:15     | Entered Level 15 of the Dungeon
 17103 | D:15     | Found a staircase to the Depths.
 17185 | D:15     | Reached skill level 15 in Shields
 17443 | D:15     | Received a gift from Trog
 17443 | D:15     | Reached skill level 15 in Fighting
 17745 | D:15     | Reached skill level 15 in Armour
 17980 | Orc:1    | Entered Level 1 of the Orcish Mines
 18131 | Orc:2    | Entered Level 2 of the Orcish Mines
 18442 | Orc:2    | Received a gift from Trog
 18486 | Orc:2    | Found Katyuz's General Store.
 18487 | Orc:2    | Found Entost's Magic Scroll Boutique.
 18487 | Orc:2    | Found Bossa's Distillery.
 18490 | Orc:2    | Found Peywn's General Store.
 18495 | Orc:2    | Bought a potion of heal wounds for 75 gold pieces
 18495 | Orc:2    | Bought a potion of heal wounds for 75 gold pieces
 18502 | Orc:2    | Bought a potion of heal wounds for 75 gold pieces
 18553 | Orc:2    | Found a staircase to the Elven Halls.
 18877 | Orc:1    | Found Osoqunax's Assorted Antiques.
 18910 | Orc:1    | Reached XP level 16. HP: 106/108 MP: 2/16
 18962 | Orc:1    | Bought a pair of ichor-stained gloves for 275 gold pieces
 18972 | Orc:1    | Identified the -4 pair of gloves "Odghouc" {rElec Int+5}
                  | (You bought it in a shop on level 1 of the Orcish Mines)
 19191 | Spider:1 | Entered Level 1 of the Spider Nest
 19248 | Spider:1 | Received a gift from Trog
 20493 | Spider:2 | Received a gift from Trog
 20728 | Spider:2 | Identified a scroll of acquirement
 20742 | Spider:2 | Noticed Asterion
 20753 | Spider:2 | Killed Asterion
 21136 | Spider:3 | Received a gift from Trog
 21174 | Spider:3 | Reached XP level 17. HP: 115/115 MP: 2/17
 22368 | Spider:4 | Entered Level 4 of the Spider Nest
 22398 | Spider:4 | Noticed Louise
 22403 | Spider:4 | Received a gift from Trog
 22437 | Spider:4 | Killed Louise
 23003 | Spider:4 | Noticed Donald
 23012 | Spider:4 | Killed Donald
 23281 | Spider:4 | Received a gift from Trog
 23423 | Spider:4 | Got a gossamer rune of Zot
 23647 | Swamp:1  | Entered Level 1 of the Swamp
 23685 | Swamp:1  | Reached XP level 18. HP: 119/123 MP: 3/18
 24029 | Swamp:1  | Received a gift from Trog
 24519 | Swamp:2  | Found a runed translucent gate.
 24519 | Swamp:2  | Found a runed translucent gate.
 24519 | Swamp:2  | Found a runed translucent gate.
 24520 | Swamp:2  | Noticed Xiscapia's ghost (adept HOFi)
 24520 | Swamp:2  | Noticed Foxy's ghost (adept GrFi)
 24665 | Swamp:2  | Noticed Jorgrun
 24680 | Swamp:2  | Killed Jorgrun
 25507 | Swamp:3  | Reached skill level 15 in Axes
 25533 | Swamp:3  | Received a gift from Trog
 25985 | Swamp:4  | Entered Level 4 of the Swamp
 26255 | Swamp:4  | Reached XP level 19. HP: 124/130 MP: 10/19
 26323 | Swamp:4  | Received a gift from Trog
 26523 | Swamp:4  | Got a decaying rune of Zot
 27054 | Vaults:1 | Entered Level 1 of the Vaults
 27414 | Orc:2    | Bought 2 scrolls of enchant armour for 195 gold pieces
 27421 | Orc:2    | Bought a scroll of enchant weapon for 135 gold pieces
 27601 | Vaults:1 | Noticed Saint Roka
 27628 | Vaults:1 | Killed Saint Roka
 27804 | Vaults:1 | Noticed Sojobo
 27804 | Vaults:1 | Noticed Agnes
 27812 | Vaults:1 | Killed Agnes
 27835 | Vaults:1 | Killed Sojobo
 28241 | Vaults:1 | Received a gift from Trog
 28254 | Vaults:1 | Noticed Aizul
 28272 | Vaults:1 | Killed Aizul
 28976 | Vaults:2 | Reached XP level 20. HP: 105/137 MP: 11/20
 29139 | Vaults:2 | Found a runed translucent gate.
 29139 | Vaults:2 | Found a runed translucent gate.
 29140 | Vaults:2 | Found a runed translucent gate.
 29184 | Vaults:2 | Found a staircase to the Crypt.
 29481 | Vaults:2 | Received a gift from Trog
 29494 | Vaults:2 | Noticed Frederick
 29506 | Vaults:2 | Killed Frederick
 30142 | Vaults:2 | Noticed Muvus's ghost (adept DsFi)
 30144 | Vaults:2 | Noticed Synox's ghost (legendary FoFi)
 30225 | Vaults:3 | Received a gift from Trog
 30551 | Vaults:3 | Slain by an orc knight

Levels and vault maps discovered:
D:1:      minmay_arrival_shattered_statue, layout_basic,
          chequers_serial_rivers_micro_b
D:2:      minmay_skewed_foursquare, layout_basic, old_standard_altar,
          trog_three_pillars_becter, uniq_robin
D:3:      layout_basic, chequers_serial_rivers_micro_d
D:4:      layout_basic, lemuel_doored_altar, nicolae_overflow_crystal_walls,
          xom_confusion_cloud, minmay_temple_entry_proselytizer, first_ration,
          uniq_natasha, uniq_crazy_yiuf_cottage
D:5:      layout_cave_pools, minmay_chambers_of_fives, uniq_duvessa, uniq_ijyb
D:6:      layout_basic, grunt_temple_overflow_order_and_chaos_2, serial_glass,
          glass_columns_b, glass_columns_a, glass_columns_a, glass_columns_c,
          glass_columns_c, glass_columns_a, glass_columns_c, glass_columns_a,
          uniq_sigmund, uniq_blork_the_orc, uniq_menkaure, uniq_pikel
D:7:      layout_cave_pools, chequers_temple_overflow_statue_of_worship
D:8:      layout_basic, hangedman_decor_riveting, hangedman_pestilent_swarm,
          grunt_ministairs_3, kennysheep_boxes
D:9:      layout_gridville, grunt_temple_overflow_growth_and_decay,
          grunt_lair_entry_orc_guard_hut
D:10:     layout_basic, erik_orc_1, yredelemnul_altar_generic
D:11:     layout_basic
D:12:     layout_roguey, gauntlet_entry_generic, uniq_erolcha
D:13:     layout_roguey, grunt_vaults_entry_fortified, serial_shops,
          shop_fountains
D:14:     layout_rooms
D:15:     hangedman_depths_entry_civil_slaughter, layout_irregular_city,
          roderic_lattice_a, grunt_ministairs_5, grunt_decor_fettered,
          minmay_misc_feat_rows
Temple:   hc_temple_tempest_star
Lair:1:   layout_regular_city, tgw_fedhas
Lair:2:   layout_hall_layers, grunt_megastairs_5, uniq_gastronok
Lair:3:   layout_long_grid, lemuel_fruit_tree, grunt_megastairs_1,
          infiniplex_staircase_pool, uniq_urug
Lair:4:   layout_regular_city, minmay_swamp_entry_swarm,
          spider_nest_entry_web_field
Lair:5:   layout_long_grid, minmay_slime_entry_oklob_open,
          kennysheep_abandoned_house, grunt_megastairs_3
Lair:6:   gammafunk_lair_ancient_temple, layout_long_grid,
          chequers_serial_rivers_micro_c, uniq_josephine
Swamp:1:  layout_falls_marsh, evilmike_swamp_ruin_house_1
Swamp:2:  layout_basic_swamp, gammafunk_ghost_cemetery,
          evilmike_swamp_ruin_rubble_2, uniq_jorgrun
Swamp:3:  layout_basic_swamp, evilmike_swamp_ruin_house_4
Swamp:4:  swamp, layout_basic_swamp
Spider:1: layout_spider_delve
Spider:2: layout_spider_delve, uniq_asterion
Spider:3: layout_chambers, zaba_anthell
Spider:4: grunt_spider_rune_circles, uniq_donald, uniq_louise
Orc:1:    layout_diamond_mine, serial_shops, shop
Orc:2:    st_orc_rangers, layout_caves, special_room
Vaults:1: grunt_vaults_focal, sword_in_stone, vaults_room_fours,
          nicolae_vaults_border_crossing, ontoclasm_vaults_ring_large,
          hangedman_vaults_locks, nicolae_vaults_triangles, v_pattern_2,
          nicolae_vaults_mini_display_case, ontoclasm_vaults_gateway,
          layout_vaults_omnigrid, uniq_saint_roka, uniq_aizul
Vaults:2: gammafunk_vaults_ghost_cemetery, v_misc_12, nicolae_vaults_asterisk,
          v_alt_pattern_5, ontoclasm_vaults_loading_screen, st_squares,
          hangedman_vaults_stream, ontoclasm_vaults_misaligned,
          ontoclasm_vaults_shuriken, v_misc_32, nicolae_vaults_little_squares_3,
          layout_vaults_ring, dummy_crypt_entry, uniq_frederick
Vaults:3: special_room_vaults [special_room_orc], hangedman_vaults_maws,
          vaults_room_boxed, hangedman_vaults_slice, vaults_room_semicircle,
          hangedman_vaults_stitches, v_pattern_4, vaults_room_pools,
          dpeg_vaults_monster_box, ontoclasm_vaults_bender, layout_vaults_maze,
          basic_altar, uniq_xtahua

Skill      XL: |  1  2  3  4  5  6  7  8  9 10 11 12 13 14 15 16 17 18 19 20 |
---------------+-------------------------------------------------------------+-----
Axes           | 2 3 4 5 6 7 9 10 11 12 13 14 15 16 | 16.7
Fighting       | 4 5 7 8 9 10 12 13 14 15 16 17 18 19 | 19.4
Armour         | 4 5 7 8 9 10 12 13 14 15 16 17 18 19 | 19.5
Shields        | 4 5 7 8 9 10 12 13 14 15 16 17 18 19 | 19.4

Action                   |  1- 3 |  4- 6 |  7- 9 | 10-12 | 13-15 | 16-18 | 19-21 || total
-------------------------+-------+-------+-------+-------+-------+-------+-------++-------
Melee: War axe           |   107 |   208 |   437 |   943 |   435 |   304 |   796 ||  3230
       Broad axe         |       |       |       |       |   954 |  1245 |    33 ||  2232
Invok: Berserk           |       |     2 |     5 |     6 |     6 |     7 |     4 ||    30
       Trog's Hand       |       |     1 |     1 |       |     1 |     4 |     2 ||     9
       Brothers in Arms  |       |       |       |     3 |     1 |     2 |     1 ||     7
 Abil: Fly               |       |       |       |       |     1 |       |       ||     1
Evoke: Wand              |       |       |       |       |       |     3 |       ||     3
  Use: Scroll            |       |       |    13 |    13 |    13 |    10 |     5 ||    54
       Potion            |       |       |       |       |       |     3 |       ||     3
 Stab: Petrified         |       |       |       |       |     3 |       |       ||     3
       Held in net/web   |       |       |       |       |       |     2 |       ||     2
       Confused          |       |       |       |       |       |     2 |       ||     2
  Eat: Chunk             |       |     7 |    14 |    21 |    36 |    30 |    18 ||   126
       Ration            |       |       |       |     3 |       |     2 |       ||     5
Armor: Scale mail        |    33 |       |       |       |       |       |       ||    33
       Chain mail        |    53 |   149 |   380 |    68 |       |       |       ||   650
       Plate armour      |       |       |       |   682 |   523 |       |       ||  1205
       Gold dragon scale |       |       |       |       |   468 |  1269 |   323 ||  2060
Dodge: Dodged            |    34 |    34 |   129 |   271 |   499 |   660 |   152 ||  1779
Block: Shield            |    61 |   110 |   331 |   753 |  1339 |   744 |       ||  3338
       Large shield      |       |       |       |       |       |  1156 |   868 ||  2024
       Reflection        |       |       |       |       |       |    11 |    99 ||   110
